Map: Ascension to Aiur LE

Players

smokem - Winner!

  • Race: Zerg Zerg
  • League: Diamond
  • Spawn Location: 11:00

MeanBoy

  • Race: Zerg Zerg
  • League: Diamond
  • Spawn Location: 5:00

VOD

Have the link to the VOD?

Description

Time

  • Played on: Dec. 30, 2017, 3:14 p.m.
  • Length: 16:48
Show
View Real Time Build Order
Export as new Build Order

smokem Zerg - Winner!

Build Orders: Pool First, Zergling Baneling 

Get SALT Encoding   

  12  0:01  Drone  
  13  0:09  Drone  
  14  0:17  Extractor, Drone  
  14  0:33  Spawning Pool  
  13  0:35  Drone  
  14  0:45  Overlord  
  15  1:04  Drone  
  15  1:20  Zergling x6  
  15  1:21  Queen  
  20  1:26  Metabolic Boost  
  20  1:34  Drone  
  21  1:42  Drone  
  22  1:51  Evolution Chamber  
  21  1:54  Drone  
  22  2:13  Hatchery  
  18  2:33  Zerg Ground Armor Level 1  
  18  2:35  Drone x4  
  22  2:43  Overlord  
  22  2:57  Overlord  
  22  3:04  Baneling Nest  
  21  3:07  Zergling x2  
  21  3:12  Overlord  
  22  3:20  Zergling x6  
  22  3:25  Drone  
  26  3:29  Drone  
  27  3:40  Drone x4  
  31  3:47  Baneling x2  
  31  3:48  Baneling x4  
  31  3:51  Drone  
  31  3:53  Drone  
  33  3:57  Drone  
  33  3:58  Drone  
  35  4:06  Baneling x2  
  35  4:08  Queen  
  37  4:16  Zergling x2  
  38  4:17  Zergling x6  
  41  4:26  Zergling x6  
  39  4:57  Zergling x2  
  39  4:58  Zergling x10  
  39  5:09  Zergling x8  
  35  5:21  Zerg Melee Weapons Level 1  
  35  5:23  Zergling x4  
  35  5:26  Baneling x3  
  37  5:33  Zergling x6  
  37  5:34  Zergling x2  
  36  5:50  Zergling x6  
  36  5:51  Zergling x6  
  42  6:01  Baneling x5  
  42  6:03  Drone  
  43  6:18  Hatchery  
  42  6:23  Drone  
  42  6:25  Overlord  
  43  6:26  Overlord  
  43  6:42  Queen  
  45  6:49  Drone  
  45  6:50  Drone x4  
  45  6:51  Drone  
  45  6:52  Zergling x6  
  54  7:09  Extractor, Lair  
  54  7:13  Drone x4  
  54  7:14  Drone x2  
  59  7:19  Baneling x3  
  48  7:42  Zergling x20  
  48  7:43  Zergling x2  
  48  7:44  Queen  
  58  7:49  Extractor  
  58  7:50  Extractor  
  58  7:51  Drone x2  
  58  7:52  Drone  
  58  7:53  Drone  
  58  7:54  Drone  
  58  7:56  Drone  
  64  8:05  Drone x2  
  60  8:34  Baneling x4  
  60  8:35  Baneling x2  
  56  8:46  Zergling x2  
  56  8:48  Zergling x6  
  56  8:49  Zergling x4  
  56  8:57  Drone  
  56  8:58  Drone x6  
  56  9:01  Hatchery, Queen  
  64  9:06  Drone x2  
  64  9:08  Spine Crawler  
  65  9:10  Spine Crawler  
  65  9:11  Drone  
  65  9:12  Spine Crawler  
  65  9:16  Spire  
  63  9:18  Spore Crawler  
  63  9:19  Drone x3  
  63  9:21  Zerg Ground Armor Level 2  
  57  9:27  Zergling x2  
  57  9:28  Zergling x2  
  59  9:32  Zergling x2  
  59  9:34  Zergling x6  
  59  9:35  Zergling x4  
  59  9:36  Zergling x2  
  66  9:46  Spine Crawler  
  66  9:48  Spore Crawler  
  66  9:50  Spine Crawler, Zergling x6  
  66  9:53  Baneling x4  
  66  9:55  Baneling x3  
  66  9:56  Baneling x2  
  66  10:03  Spine Crawler  
  66  10:05  Drone  
  66  10:08  Overlord x2  
  66  10:09  Overlord  
  66  10:26  Overlord x2  
  66  10:29  Zerg Flyer Weapons Level 1  
  66  10:30  Drone  
  66  10:31  Drone x10  
  75  10:40  Spore Crawler  
  73  10:43  Spore Crawler  
  72  10:52  Spore Crawler  
  72  10:54  Drone x2  
  73  10:57  Spore Crawler  
  73  11:00  Extractor, Drone x2  
  73  11:01  Extractor, Drone  
  73  11:02  Drone x3  
  73  11:03  Drone x2  
  73  11:04  Drone x2  
  80  11:07  Spine Crawler  
  79  11:12  Spine Crawler, Drone x2  
  79  11:13  Drone  
  81  11:21  Spine Crawler  
  80  11:26  Mutalisk  
  80  11:27  Mutalisk x3  
  80  11:28  Mutalisk  
  80  11:31  Mutalisk  
  92  11:34  Mutalisk  
  92  11:36  Mutalisk  
  92  11:39  Mutalisk  
  98  11:43  Mutalisk  
  98  11:44  Mutalisk  
  98  11:46  Mutalisk  
  102  11:49  Mutalisk  
  80  12:24  Drone x4  
  80  12:25  Drone x2  
  86  12:38  Spine Crawler  
  86  12:39  Mutalisk x5, Spore Crawler  
  86  12:40  Mutalisk x5  
  104  12:47  Hatchery  
  104  12:49  Zerg Flyer Weapons Level 2  
  103  13:00  Infestation Pit  
  103  13:03  Zerg Melee Weapons Level 2  
  89  13:20  Drone x4  
  89  13:21  Drone x5  
  88  14:11  Zergling x2  
  88  14:12  Zergling x30  
  88  14:15  Centrifical Hooks  
  104  14:21  Drone x3  
  104  14:22  Queen, Drone x3  
  104  14:23  Drone x3  
  115  14:28  Queen  
  117  14:36  Spine Crawler  
  116  14:41  Spine Crawler x3  
  116  14:42  Drone x5  
  116  14:43  Spine Crawler  
  116  14:44  Spine Crawler  
  116  14:46  Drone x2  
  116  14:48  Overlord x2  
  118  14:55  Hive  
  118  15:08  Drone x5  
  118  15:12  Drone x4  
  117  15:57  Zergling x10  
  117  15:58  Zergling x24  
  117  16:00  Baneling x4  
  117  16:01  Baneling x28  
  123  16:12  Zergling x2  
  123  16:18  Ultralisk Cavern  
Show
View Real Time Build Order
Export as new Build Order

MeanBoy Zerg 

Build Orders: Hatch First 

Get SALT Encoding   

  12  0:01  Drone  
  13  0:14  Overlord  
  13  0:17  Drone  
  14  0:33  Drone x2  
  16  0:36  Drone  
  17  0:53  Hatchery  
  17  0:56  Drone  
  17  1:00  Drone  
  17  1:02  Extractor  
  17  1:06  Extractor  
  17  1:10  Drone  
  17  1:21  Spawning Pool  
  17  1:24  Drone  
  17  1:33  Drone  
  18  1:42  Evolution Chamber  
  18  1:43  Drone  
  18  1:52  Drone  
  19  2:08  Queen  
  19  2:13  Queen  
  23  2:18  Zergling x4  
  21  2:37  Zerg Ground Armor Level 1  
  21  2:43  Metabolic Boost  
  21  2:54  Zergling x6  
  24  3:06  Zergling x6  
  24  3:12  Overlord  
  28  3:20  Zergling x2  
  28  3:34  Zergling x2  
  28  3:35  Zergling x8  
  28  3:37  Zergling x2  
  34  3:42  Overlord  
  34  3:49  Drone  
  34  3:53  Overlord  
  35  4:00  Zergling x2  
  35  4:01  Zergling x2  
  37  4:05  Zergling x2  
  38  4:10  Zergling x4  
  38  4:15  Zergling x2  
  41  4:23  Zergling x4  
  41  4:24  Zergling x2  
  44  4:28  Zergling x2  
  40  4:50  Zergling x2  
  40  4:51  Zergling x12  
  41  4:57  Zergling x2  
  35  5:02  Zergling x4  
  36  5:14  Zergling x4  
  35  5:25  Zergling x4  
  24  5:50  Zergling x10  
  24  5:51  Zergling x6  
  32  5:57  Baneling Nest, Drone x2  
  33  6:05  Drone x2  
  35  6:15  Drone x2  
  37  6:21  Zerg Melee Weapons Level 1  
  37  6:27  Drone  
  37  6:28  Drone  
  37  6:30  Drone  
  40  6:40  Baneling x2  
  40  6:48  Baneling  
  40  6:54  Drone  
  40  6:57  Drone x2  
  40  6:58  Drone  
  43  7:29  Zergling x2  
  40  7:30  Zergling x20  
  46  7:43  Zergling x4  
  48  7:55  Overlord x2  
  48  7:56  Zergling x4  
  50  8:05  Baneling x5  
  50  8:06  Zergling x2  
  50  8:07  Baneling, Zergling x2  
  50  8:08  Baneling x3  
  43  8:21  Zergling x4  
  43  8:22  Zergling x2  
  42  8:30  Zergling x6  
  43  8:52  Zergling x2  
  39  8:56  Zergling x6  
  39  8:58  Zergling x4  
  39  9:00  Baneling x4  
  39  9:01  Baneling, Zergling x2  
  45  9:07  Zergling x2  
  46  9:10  Zergling x6  
  46  9:12  Zergling x4  
  46  9:13  Zergling x2  
  52  9:17  Hatchery  
  45  9:28  Zergling x8  
  49  9:36  Lair  
  49  9:37  Roach Warren  
  48  9:44  Zergling x6  
  48  9:45  Zergling x6  
  54  9:50  Drone x2  
  56  9:56  Zerg Missile Weapons Level 1  
  56  9:59  Baneling x2  
  56  10:00  Baneling  
  56  10:01  Baneling  
  56  10:02  Baneling  
  56  10:11  Drone x3  
  59  10:18  Queen  
  61  10:24  Baneling x4  
  61  10:25  Baneling  
  58  10:45  Roach  
  58  10:46  Roach x6  
  58  10:49  Roach  
  74  10:57  Overlord x2  
  74  11:03  Glial Reconstitution  
  74  11:13  Overlord x2  
  74  11:23  Drone x8  
  82  11:39  Roach x2  
  90  11:40  Roach x3  
  67  12:20  Hydralisk Den  
  54  12:23  Spore Crawler  
  54  12:24  Spore Crawler  
  54  12:26  Spore Crawler  
  51  12:30  Extractor  
  51  12:31  Extractor  
  51  12:34  Spore Crawler  
  51  12:36  Spore Crawler  
  47  12:37  Spore Crawler  
  47  12:38  Spore Crawler  
  47  12:42  Spore Crawler  
  47  12:44  Spore Crawler  
  43  12:45  Extractor, Spore Crawler  
  43  12:46  Extractor  
  43  12:47  Drone x3  
  43  12:48  Drone x3  
  46  12:52  Hydralisk x2  
  46  12:53  Hydralisk x4  
  46  12:54  Hydralisk  
  60  13:10  Hydralisk  
  60  13:11  Hydralisk  
  62  13:18  Muscular Augments  
  56  13:23  Drone x2  
  56  13:28  Hydralisk  
  58  13:37  Hydralisk  
  58  13:39  Hydralisk  
  60  13:48  Hydralisk  
  60  13:54  Hydralisk  
  64  13:56  Hydralisk  
  63  14:08  Hydralisk  
  65  14:13  Overlord  
  65  14:22  Overlord x2  
  65  14:34  Nydus Network  
  64  14:47  Hydralisk  
  64  14:48  Hydralisk x3  
  72  15:00  Hydralisk x2  
  72  15:04  Hydralisk  
  78  15:14  Hydralisk x2  
  78  15:34  Nydus Canal  
  76  15:47  Spore Crawler  
  76  15:48  Hydralisk  
  63  16:06  Hydralisk  
Tags
 
Add a new tag
Caveats
  • Supply blocks, unpowered buildings, or Contaminate may cause inaccurate times.
  • Supply counts are checked every 10 seconds.